 Dungeon Crawl Stone Soup version 0.21-a0-440-g28109cb (webtiles) character file.

5710 theanonym the Grappler (level 10, -1/91 HPs)
             Began as a Ghoul Monk on Nov 10, 2017.
             Was an Elder of Kikubaaqudgha.
             Killed from afar by an orc wizard (4 damage)
             ... with a magic dart
             ... on level 9 of the Dungeon.
             The game lasted 00:20:03 (9556 turns).

theanonym the Grappler (Ghoul Monk)                 Turns: 9556, Time: 00:20:03

Health: -1/91      AC:  9    Str: 18 (19) XL:     10   Next: 76%
Magic:  9/9        EV:  4    Int:  2 (5)  God:    Kikubaaqudgha [****..]
Gold:   419        SH:  7    Dex:  8 (11) Spells: 6/9 levels left

rFire    . . .     SeeInvis .     - Unarmed
rCold    + . .     Gourm    .   p - +0 shield
rNeg     + + +     Faith    .   B - +0 chain mail
rPois    ∞         Spirit   .   (no helmet)
rElec    .         Reflect  .   (no cloak)
rCorr    .         Harm     .   (no gloves)
MR       +....                  A - +0 pair of boots
Stlth    ..........             (no amulet)
HPRegen  0.00/turn              n - ring of protection from magic {MR+}
MPRegen  0.11/turn              (no ring)

@: very slightly contaminated, rotting
A: rotting body, claws 1, carnivore 3, cold resistance 1, negative energy
resistance 3, inhibited regeneration, torment resistance, unbreathing
a: Receive Corpses, Renounce Religion


Innate Abilities, Weirdness & Mutations

Your body is rotting away.
You thrive on raw meat.
You are immune to poison.
You have sharp fingernails.
You are carnivorous and can eat meat at any time.
Your flesh is cold resistant. (rC+)
You are immune to negative energy. (rN+++)
You do not regenerate when monsters are visible.
You are immune to unholy pain and torment.
You can survive without breathing.


   Skills:
 + Level 9.6 Fighting
 - Level 2.6 Dodging
 - Level 2.1 Stealth
 * Level 14.3 Unarmed Combat


You had 6 spell levels left.
You knew the following spells:

 Your Spells              Type           Power        Failure   Level  Hunger
r - Regeneration          Chrm/Necr      #.........   100%        3    ####...

Skill      XL: |  1  2  3  4  5  6  7  8  9 10 |
---------------+-------------------------------+-----
Unarmed Combat | 4 5 6 7 8 11 13 14 | 14.3
Fighting       | 4 5 6 8 9 |  9.6
Dodging        | |  2.6
Stealth        | |  2.1

Action                   |  1- 3 |  4- 6 |  7- 9 | 10-12 || total
-------------------------+-------+-------+-------+-------++-------
Melee: Unarmed           |   102 |   139 |   277 |   155 ||   673
       Punch             |     1 |     3 |     8 |       ||    12
Throw: Throwing net      |       |       |     3 |     2 ||     5
  Use: Potion            |       |     2 |     3 |     2 ||     7
       Scroll            |       |     6 |     4 |     1 ||    11
 Stab: Sleeping          |     6 |       |       |       ||     6
       Distracted        |       |     1 |     1 |       ||     2
       Held in net/web   |       |       |     3 |     1 ||     4
  Eat: Chunk             |     3 |     6 |    16 |    22 ||    47
Armor: Robe              |     2 |       |       |       ||     2
       Leather armour    |    14 |    16 |       |       ||    30
       Ring mail         |       |    10 |    57 |       ||    67
       Chain mail        |       |       |     8 |    80 ||    88
Dodge: Dodged            |    60 |    80 |    99 |    42 ||   281
Block: Shield            |       |       |    42 |    65 ||   107

Inventory:

Missiles
 k - 5 curare-tipped needles
 C - a throwing net (quivered)
Armour
 p - a +0 shield (worn)
   (You found it on level 5 of the Dungeon)
 A - a +0 pair of boots (worn)
   (You found it on level 8 of the Dungeon)
 B - a +0 chain mail (worn)
   (You found it on level 7 of the Dungeon)
Jewellery
 n - a ring of protection from magic (left claw) {MR+}
   (You found it on level 5 of the Dungeon)
Scrolls
 b - 2 scrolls of blinking
 c - 2 scrolls of recharging {unknown}
 d - a scroll of enchant armour {unknown}
 f - 3 scrolls of fog {!r}
 l - 4 scrolls of teleportation {unknown}
 o - 4 scrolls of random uselessness {unknown}
 r - 7 scrolls of identify
 s - 5 scrolls of remove curse
 t - 3 scrolls of fear {unknown}
 v - a scroll of summoning {unknown}
 x - 2 scrolls of enchant weapon {unknown}
 z - a scroll of amnesia {unknown}
Potions
 e - a potion of flight
 g - 3 potions of curing
 u - a potion of brilliance
Books
 a - Kikubaaqudgha's Catalogue of Dark Magic {god gift}
   (Kikubaaqudgha gifted it to you in the Ecumenical Temple)

   Spells                             Type                      Level
   a - Animate Skeleton               Necromancy                   1
   b - Pain                           Necromancy                   1
   c - Corpse Rot                     Necromancy                   2
   d - Regeneration                   Charms/Necromancy            3
   e - Control Undead                 Necromancy                   4
 m - a book of Maledictions
   (You found it on level 9 of the Dungeon)

   Spells                             Type                      Level
   a - Corona                         Hexes                        1
   b - Ensorcelled Hibernation        Hexes/Ice                    2
   c - Confuse                        Hexes                        3
   d - Tukima's Dance                 Hexes                        3
   e - Dazzling Spray                 Conjuration/Hexes            3
 y - Kikubaaqudgha's Disquisition on Black Arts {god gift}
   (Kikubaaqudgha gifted it to you on level 7 of the Dungeon)

   Spells                             Type                      Level
   a - Animate Dead                   Necromancy                   4
   b - Excruciating Wounds            Charms/Necromancy            5
   c - Agony                          Necromancy                   5
   d - Dispel Undead                  Necromancy                   5
   e - Simulacrum                     Ice/Necromancy               6
Comestibles
 h - 7 meat rations
 j - 6 chunks of flesh
 q - 3 royal jellies

Dungeon Overview and Level Annotations

Branches:
Dungeon (9/15)             Temple (1/1) D:5
   Lair: D:8-11         Orc: D:9-12

Altars:
Ashenzari
Cheibriados
Dithmenos
Elyvilon
Fedhas
Gozag
Hepliaklqana
Kikubaaqudgha
Makhleb
Nemelex Xobeh
Okawaru
Qazlal
Ru
Sif Muna
Trog
Uskayaw
Vehumet
Wu Jian
Xom
Zin
The Shining One

Shops:
D:5 (   D:9 (

Annotations:
D:8 2 transporters, Gastronok
D:9 Joseph


You were on level 9 of the Dungeon.
You worshipped Kikubaaqudgha.
Kikubaaqudgha was greatly pleased with you.
You were not hungry.

You visited 2 branches of the dungeon, and saw 10 of its levels.

You collected 419 gold pieces.


Message History

Unknown command.
Unknown command.
Eat one of 8 chunks of flesh? (ye/n/q)
You eat one of the 8 chunks of flesh.
This raw flesh tastes great!
You block the killer bee's attack.
The killer bee stings you but does no damage.
The killer bee stings you.
* * * LOW HITPOINT WARNING * * *
The killer bee stings you!
* * * LOW HITPOINT WARNING * * *
The killer bee barely misses you. The killer bee stings you.
* * * LOW HITPOINT WARNING * * *
You take 3 damage, and have 33/91 hp.
You block the killer bee's attack.
The killer bee stings you but does no damage. x3
The killer bee stings you.
* * * LOW HITPOINT WARNING * * *
You take 1 damage, and have 32/91 hp.
The killer bee barely misses you. The killer bee stings you.
* * * LOW HITPOINT WARNING * * *
You take 5 damage, and have 27/91 hp.
You block the killer bee's attack. The killer bee stings you.
* * * LOW HITPOINT WARNING * * *
You take 4 damage, and have 23/91 hp.
You closely miss the killer bee. The killer bee barely misses you.
Your shield and chain mail prevent you from hitting the killer bee.
The killer bee stings you but does no damage.
The killer bee completely misses you.
The killer bee stings you but does no damage.
You barely miss the killer bee. The killer bee barely misses you.
You block the killer bee's attack.
The killer bee stings you but does no damage.
You miss the killer bee.
The killer bee stings you but does no damage.
The killer bee stings you.
* * * LOW HITPOINT WARNING * * *
You block the killer bee's attack.
You take 2 damage, and have 21/91 hp.
Your shield and chain mail prevent you from hitting the killer bee.
You block the killer bee's attack.
The killer bee stings you but does no damage.
You block the killer bee's attack. The killer bee barely misses you.
Your chain mail prevents you from hitting the killer bee.
You block the killer bee's attack.
The killer bee stings you but does no damage.
The killer bee stings you.
* * * LOW HITPOINT WARNING * * *
The killer bee closely misses you.
You take 4 damage, and have 17/91 hp.
You closely miss the killer bee.
The killer bee stings you but does no damage.
The killer bee stings you.
* * * LOW HITPOINT WARNING * * *
You block the killer bee's attack. x2
You take 2 damage, and have 15/91 hp.
You mangle the killer bee!!
You kill the killer bee!
Kikubaaqudgha accepts your kill.
The killer bee stings you but does no damage.
Your chain mail prevents you from hitting the killer bee.
You block the killer bee's attack. The killer bee stings you.
* * * LOW HITPOINT WARNING * * *
The killer bee stings you.
* * * LOW HITPOINT WARNING * * *
You take 4 damage, and have 11/91 hp.
It was a potion of lignification.
You feel woody for a moment. You block the killer bee's attack.
The killer bee stings you.
* * * LOW HITPOINT WARNING * * *
The killer bee closely misses you. You block the killer bee's attack.
You take 1 damage, and have 10/91 hp.
It was a potion of degeneration.
There was something very wrong with that liquid.
You feel weakened.
You feel dopey.
You feel clumsy. You block the killer bee's attack. The killer bee stings you.
* * * LOW HITPOINT WARNING * * *
The killer bee stings you but does no damage.
The killer bee completely misses you.
You take 4 damage, and have 6/91 hp.
Okay, then.
Eat one of 7 chunks of flesh? (ye/n/q)
You eat one of the 7 chunks of flesh.
This raw flesh tastes great!
The killer bee stings you.
* * * LOW HITPOINT WARNING * * *
The killer bee stings you.
* * * LOW HITPOINT WARNING * * *
The killer bee stings you.
* * * LOW HITPOINT WARNING * * *
The killer bee stings you.
* * * LOW HITPOINT WARNING * * *
You take 3 damage, and have 3/91 hp.
Blink to where?
You are very lightly contaminated with residual magic.
As you read the scroll of blinking, it crumbles to dust.
Found a stone staircase leading up.
An orc wizard comes into view. It is wielding a dagger of venom.
The orc wizard shouts!
The orc wizard casts a spell at you. The magic dart hits you!
You die...
Kikubaaqudgha rasps: "You have failed me!
Welcome... oblivion!"

.............. ...#.
............. ##
.........o........#####.
.....<..................
......#.................
......##................
........<.....)..).......
..............()()..<....
.......)..@................
............................
..........y.................
............................
.........†..................
#.......#..................
#......y..#................
..#......#.>.............
##§#..##..).........#.#


You could see 2 killer bees and an orc wizard.

Notes
Turn   | Place    | Note
-------+----------+-------------------------------------------
     0 | D:1      | theanonym the Ghoul Monk began the quest for the Orb.
     0 | D:1      | Reached XP level 1. HP: 19/19 MP: 0/0
   176 | D:1      | Reached XP level 2. HP: 26/26 MP: 1/1
   415 | D:1      | Reached skill level 4 in Unarmed Combat
   599 | D:1      | Reached XP level 3. HP: 27/33 MP: 2/2
  1419 | D:2      | Reached skill level 4 in Fighting
  1443 | D:2      | Reached XP level 4. HP: 40/40 MP: 3/3
  1685 | D:2      | Reached skill level 5 in Unarmed Combat
  1962 | D:3      | theanonym: !lg race=ghoul urune=15 s=god
  1962 | D:3      | beem: No games for theanonym (race=ghoul urune=15).
  1962 | D:3      | theanonym: !lg * race=ghoul urune=15 s=god
  1962 | D:3      | beem: 404 games for * (race=ghoul urune=15): 94x Makhleb, 83x Ru, 57x Cheibriados, 37x Okawaru, 24x Kikubaaqudgha, 20x Qazlal, 17x Uskayaw, 14x Ashenzari, 10x Xom, 10x Lugonu, 9x Nemelex Xobeh, 6x Vehumet, 5x Hepliaklqana, 4x Pakellas, 3x Trog, 2x Yredelemnul, 2x, 2x Sif Muna, 2x Dithmenos, 2x Wu Jian, Jiyva
  1994 | D:3      | Reached XP level 5. HP: 39/47 MP: 4/4
  2279 | D:3      | Found a shadowy altar of Dithmenos.
  2353 | D:3      | Found a hide-covered altar of Uskayaw.
  2372 | D:3      | HP: 18/47 [gnoll/spear (8)]
  2781 | D:3      | Noticed Sigmund
  2788 | D:3      | Killed Sigmund
  2788 | D:3      | Reached skill level 5 in Fighting
  2788 | D:3      | Reached skill level 6 in Unarmed Combat
  2788 | D:3      | Reached XP level 6. HP: 34/56 MP: 5/5
  3198 | D:4      | Noticed Duvessa
  3202 | D:4      | Noticed Dowan
  3309 | D:4      | Noticed Grinder
  3362 | D:4      | Killed Dowan
  3372 | D:4      | Killed Duvessa
  3372 | D:4      | Reached skill level 7 in Unarmed Combat
  3372 | D:4      | Reached XP level 7. HP: 43/61 MP: 6/6
  3529 | D:4      | Reached skill level 6 in Fighting
  3529 | D:4      | Reached skill level 8 in Unarmed Combat
  3690 | D:4      | Paralysed by Grinder for 7 turns
  3699 | D:4      | Paralysed by Grinder for 2 turns
  3704 | D:4      | Killed Grinder
  3704 | D:4      | Reached XP level 8. HP: 46/71 MP: 7/7
  4291 | D:5      | Entered Level 5 of the Dungeon
  4293 | D:5      | Found Wanoovat's Antique Weapon Emporium.
  4423 | D:5      | Reached skill level 9 in Unarmed Combat
  4611 | D:5      | Found a staircase to the Ecumenical Temple.
  4621 | Temple   | Entered the Ecumenical Temple
  4822 | Temple   | theanonym: !lg * race=gh god=kiku urune=15 -log
  4822 | Temple   | beem: 24. ojifijod, XL27 GhFi, T:88876: http://crawl.berotato.org/crawl/morgue/ojifijod/morgue-ojifijod-20171019-213521.txt
  4854 | Temple   | Became a worshipper of Kikubaaqudgha
  4854 | Temple   | Reached * piety under Kikubaaqudgha
  4854 | Temple   | Identified Kikubaaqudgha's Catalogue of Dark Magic {god gift} (Kikubaaqudgha gifted it to you in the Ecumenical Temple)
  4854 | Temple   | Received a gift from Kikubaaqudgha
  4854 | Temple   | Reached ** piety under Kikubaaqudgha
  5129 | D:5      | Found a hazy altar of Hepliaklqana.
  5135 | D:5      | Noticed Blork the orc
  5142 | D:5      | Killed Blork the orc
  5147 | D:5      | Learned a level 3 spell: Regeneration
  5348 | D:5      | Reached skill level 10 in Unarmed Combat
  5745 | D:6      | Reached skill level 11 in Unarmed Combat
  5745 | D:6      | Reached XP level 9. HP: 71/77 MP: 8/8
  5998 | D:6      | Found a bloodstained altar of Trog.
  6482 | D:7      | Reached skill level 7 in Fighting
  6649 | D:7      | HP: 39/79 [ogre/giant club (18)]
  7077 | D:7      | Reached *** piety under Kikubaaqudgha
  7077 | D:7      | Identified Kikubaaqudgha's Disquisition on Black Arts {god gift} (Kikubaaqudgha gifted it to you on level 7 of the Dungeon)
  7077 | D:7      | Received a gift from Kikubaaqudgha
  7128 | D:7      | Reached skill level 12 in Unarmed Combat
  8094 | D:8      | Noticed Gastronok
  8181 | D:8      | Found a transporter.
  8202 | D:8      | Noticed a two-headed ogre
  8224 | D:8      | Killed a two-headed ogre
  8224 | D:8      | Reached skill level 8 in Fighting
  8224 | D:8      | Reached skill level 13 in Unarmed Combat
  8224 | D:8      | Reached XP level 10. HP: 75/89 MP: 9/9
  8450 | D:8      | HP: 44/90 [Gastronok/the air (15)]
  8968 | D:8      | Reached skill level 9 in Fighting
  8997 | D:8      | Found a transporter.
  9262 | D:9      | Noticed Joseph
  9277 | D:9      | Noticed a two-headed ogre
  9379 | D:9      | Found Saic's Antique Weapon Shop.
  9416 | D:9      | Killed a two-headed ogre
  9416 | D:9      | Reached skill level 14 in Unarmed Combat
  9527 | D:9      | Reached **** piety under Kikubaaqudgha
  9536 | D:9      | HP: 39/91 [killer bee (7)]
  9541 | D:9      | HP: 27/91 [killer bee (5)]
  9546 | D:9      | HP: 21/91 [killer bee (2)]
  9551 | D:9      | HP: 14/91 [killer bee (1)]
  9553 | D:9      | HP: 6/91 [killer bee (4)]
  9556 | D:9      | Killed from afar by an orc wizard

Vanquished Creatures
  2 two-headed ogres
  Grinder (D:4)
  A hippogriff (D:8)
  Sigmund (D:3)
  A hungry ghost (D:8)
  5 sky beasts
  Duvessa (D:4)
  7 ogres
  6 centaurs
  3 bullfrogs
  Blork the orc (D:5)
  4 killer bees (D:9)
  3 scorpions
  Dowan (D:4)
  4 wights
  3 howler monkeys (D:9)
  8 crimson imps
  2 hounds
  3 orc priests
  2 centaur skeletons
  4 jellies
  An iguana (D:9)
  4 orc wizards
  8 worker ants
  A hound skeleton (D:6)
  5 gnolls
  13 adders
  2 shadow imps
  4 adder skeletons
  3 worms
  3 dart slugs
  2 leopard geckos
  19 orcs
  4 giant cockroaches
  4 hobgoblins
  13 jackals
  7 kobolds
  3 quokkas
  A ball python (D:1)
  3 bats
  8 frilled lizards
  15 goblins
  A quokka skeleton (D:4)
  9 rats
196 creatures vanquished.

Vanquished Creatures (others)
  An orc wizard (D:9)
  6 plants (D:9)
7 creatures vanquished.

Grand Total: 203 creatures vanquished
